 Dungeon Crawl Stone Soup version 0.22.1-1-ga44c0e56f4 (webtiles) character file.

30715 Nixze the Thaumaturge (level 13, -2/74 HPs)
             Began as a Deep Elf Fire Elementalist on Nov 5, 2018.
             Was a High Priest of Sif Muna.
             Slain by Snorg (25 damage)
             ... on level 5 of the Lair of Beasts.
             The game lasted 01:11:25 (25303 turns).

Nixze the Thaumaturge (Deep Elf Fire Elementalist) Turns: 25303, Time: 01:11:26

Health: -2/74      AC:  9    Str:  6    XL:     13   Next: 22%
Magic:  15/31      EV: 16    Int: 26    God:    Sif Muna [*****.]
Gold:   744        SH:  7    Dex: 15    Spells: 5/37 levels left

rFire    + . .     SeeInvis +   F - staff of wizardry
rCold    . . .     Gourm    .   Q - +0 buckler
rNeg     . . .     Faith    .   P - +1 leather armour {rF+}
rPois    .         Spirit   .   N - +2 hat {Int+3}
rElec    .         Reflect  +   L - scarf {repulsion}
rCorr    .         Harm     .   e - +1 pair of gloves
MR       ++...                  O - +0 pair of boots
Stlth    +++.......             o - +3 amulet of reflection
HPRegen  0.22/turn              d - ring of see invisible
MPRegen  0.22/turn              I - ring of protection from magic

@: lethally poisoned (-2 -> -16), about to teleport, divine energy, repel
missiles
A: dopey 1
a: Stop Divine Energy, Channel Magic, Forget Spell, Renounce Religion


You were on level 5 of the Lair of Beasts.
You worshipped Sif Muna.
Sif Muna was extremely pleased with you.
You were hungry.

You visited 3 branches of the dungeon, and saw 18 of its levels.

You collected 1158 gold pieces.
You spent 414 gold pieces at shops.

Inventory:

Hand Weapons
 J - the +8 mace of Destruction {freeze, rPois rC++ Dex+3}
   (You took it off a centaur on level 9 of the Dungeon)

   It has been specially enchanted to freeze those struck by it, causing extra
   injury to most foes and up to half again as much damage against particularly
   susceptible opponents.
   It can also slow down cold-blooded creatures.
   It affects your dexterity (+3).
   It greatly protects you from cold.
   It protects you from poison.
Armour
 e - a +1 pair of gloves (worn)
 L - a scarf of repulsion (worn)
 N - a +2 hat of intelligence (worn)
 O - a +0 pair of boots (worn)
 P - a +1 leather armour of fire resistance (worn)
 Q - a +0 buckler (worn)
Magical Staves
 F - an uncursed staff of wizardry (weapon)
Jewellery
 d - a ring of see invisible (left hand)
 j - an uncursed ring of resist corrosion
 o - a +3 amulet of reflection (around neck)
 x - an uncursed amulet of magic regeneration
 I - a ring of protection from magic (right hand)
 T - an uncursed amulet of the gourmand {unknown}
Wands
 r - a wand of flame (66)
 C - a wand of enslavement (20)
 E - a wand of paralysis (35)
 G - a wand of random effects (15)
 R - a wand of acid (11)
Scrolls
 b - 11 scrolls of teleportation
 g - a scroll of silence {unknown}
 h - 3 scrolls of enchant weapon
 i - 8 scrolls of remove curse
 k - 3 scrolls of fog {unknown}
 m - a scroll of immolation
 t - a scroll of enchant armour
 v - 3 scrolls of magic mapping
 w - 2 scrolls of fear
 y - a scroll of holy word {unknown}
 A - 2 scrolls of torment
 D - a scroll of identify
 K - a scroll of summoning
 M - 5 scrolls of blinking {unknown}
Potions
 a - 2 potions of berserk rage
 f - a potion of resistance
 l - 11 potions of curing
 n - 4 potions of might
 p - a potion of haste {unknown}
 q - 2 potions of brilliance
 s - 3 potions of lignification
 u - 2 potions of agility
 z - 2 potions of heal wounds
 B - 2 potions of ambrosia
 H - a potion of mutation {unknown}
Comestibles
 c - 31 rations
 S - 2 chunks of flesh


   Skills:
 + Level 5.7 Fighting
 + Level 8.8 Dodging
 - Level 6.0 Stealth
 + Level 1.4 Shields
 + Level 12.8 Spellcasting
 + Level 10.8 Conjurations
 - Level 4.0 Hexes
 - Level 5.0 Charms
 - Level 5.0 Translocations
 - Level 10.8 Fire Magic
 * Level 3.8 Ice Magic
 + Level 4.9 Air Magic
 + Level 6.4 Invocations


You had 5 spell levels left.
You knew the following spells:

 Your Spells              Type           Power        Failure   Level  Hunger
a - Flame Tongue          Conj/Fire      #####        1%          1    None
b - Conjure Flame         Conj/Fire      ######..     1%          3    None
c - Sticky Flame          Conj/Fire      ######..     1%          4    None
d - Fireball              Conj/Fire      ######....   1%          5    ###....
e - Shock                 Conj/Air       ####         1%          1    None
f - Swiftness             Chrm/Air       #####...     1%          2    None
g - Confuse               Hex            #####...     1%          3    None
i - Teleport Other        Tloc           #####...     1%          3    None
j - Airstrike             Air            #####.....   4%          4    None
k - Freezing Cloud        Conj/Ice/Air   ######....   32%         6    #####..

Your spell library contained the following spells:

 Spells                   Type           Power        Failure   Level  Hunger
 Apportation              Tloc           #####.       1%          1    None
 Corona                   Hex            #####..      1%          1    None
 Magic Dart               Conj           ####         1%          1    None
 Sting                    Conj/Pois      ####         1%          1    None
 Ensorcelled Hibernation  Hex/Ice        #####.       1%          2    None
 Poisonous Vapours        Pois/Air       ####..       1%          2    None
 Searing Ray              Conj           ######       1%          2    None
 Throw Flame              Conj/Fire      ######       1%          2    None
 Dazzling Spray           Conj/Hex       ######       1%          3    None
 Gell's Gravitas          Tloc           #####.....   1%          3    None
 Inner Flame              Hex/Fire       ######..     1%          3    None
 Lesser Beckoning         Tloc           #####.....   1%          3    None
 Mephitic Cloud           Conj/Pois/Air  #####...     1%          3    None
 Static Discharge         Conj/Air       ######..     1%          3    None
 Tukima's Dance           Hex            #####...     1%          3    None
 Force Lance              Conj/Tloc      ######..     1%          4    None
 Fulminant Prism          Conj/Hex       ######....   1%          4    None
 Iskenderun's Mystic Bla  Conj           ######..     1%          4    None
 Summon Butterflies       Summ           ###.....     3%          1    None
 Summon Small Mammal      Summ           ###.         3%          1    None
 Lightning Bolt           Conj/Air       ######....   3%          5    ###....
 Call Imp                 Summ           ###.....     4%          2    None
 Summon Guardian Golem    Hex/Summ       ####....     4%          3    None
 Call Canine Familiar     Summ           ###.....     9%          3    None
 Summon Lightning Spire   Summ/Air       ####....     11%         4    None
 Summon Ice Beast         Ice/Summ       ####....     14%         4    None
 Alistair's Intoxication  Tmut/Pois      ###.....     61%         5    ###....
 Dispersal                Tloc           #####.....   50%         6    #####..
 Invisibility             Hex            #####...     63%         6    #####..
 Ring of Flames           Chrm/Fire      ######....   65%         7    ######.
 Glaciate                 Conj/Ice       ######....   100%        9    #######


Dungeon Overview and Level Annotations

Branches:
Dungeon (12/15)            Temple (1/1) D:5            Lair (5/6) D:9
  Swamp (0/4) Lair:3        Snake (0/4) Lair:3          Orc (0/2) D:12
  Slime: Lair:5-6

Altars:
Ashenzari
Cheibriados
Dithmenos
Elyvilon
Fedhas
Gozag
Hepliaklqana
Kikubaaqudgha
Makhleb
Nemelex Xobeh
Okawaru
Qazlal
Ru
Sif Muna
Trog
Uskayaw
Vehumet
Wu Jian
Xom
Yredelemnul
Zin
The Shining One

Shops:
D:10 [*

Annotations:
Lair:5 Snorg


Innate Abilities, Weirdness & Mutations

You are dopey. (Int -2)


Message History

The rime drake breathes ice at you. The flash freeze hits you!
You are encased in ice.
Snorg rages.
The black mamba bites you!
Okay, then.
As you read the scroll of teleportation, it crumbles to dust.
You feel strangely unstable. The black mamba barely misses you.
Snorg completely misses you. Snorg claws you but does no damage.
Snorg closely misses you. The black mamba misses you.
You feel much better. The ice encasing you melts away.
The black mamba bites you!
You are poisoned.
The black mamba poisons you! Snorg bites you!!
Snorg claws you but does no damage. You block Snorg's attack.
You feel sick.
The black mamba bites you but does no damage.
Snorg bites you!!
You die...

.....?k.............#
#.PP..#..##.........##
#..#.#.#####.........#
####### ##.......##
###......P# #.#......P#
#####....k....#
#..##....ST...#
#######.#.....P@...##
##.....##...........##
........P.......P....#
.......PP............#
....................P#
........###........P##
........# #P........###
........# #...........#
.....P..###...P......##


You could see Snorg (berserk), a black mamba and a rime drake.

Vanquished Creatures
  Gastronok (Lair:2)
  Nessos (Lair:5)
  3 hydras
  A catoblepas (Lair:3)
  3 two-headed ogres
  An unseen horror (D:10)
  Pikel (D:6)
  A lindwurm (Lair:4)
  2 cyclopes (D:12)
  2 ugly things (D:11)
  A manticore (D:12)
  2 black mambas (Lair:3)
  2 centaur skeletons
  2 spiny frogs
  A gargoyle (D:12)
  2 komodo dragons (Lair:1)
  A polar bear (Lair:5)
  A troll (D:10)
  4 blink frogs (Lair:3)
  3 slime creatures (Lair:5)
  Prince Ribbit (D:6)
  6 hippogriffs
  17 yaks
  Sigmund (D:2)
  2 basilisks
  A human (D:10)
  A wyvern (D:10)
  Grum (Lair:1)
  2 hungry ghosts
  Menkaure (D:4)
  3 vampire mosquitoes (Lair:3)
  7 water moccasins
  12 porcupines
  5 orc warriors
  A swamp drake (D:12)
  4 ice beasts
  A sky beast (D:11)
  A phantom (D:11)
  2 ogres
  4 black bears
  A hornet zombie (D:12)
  11 centaurs
  A necrophage (D:10)
  11 wolves
  4 crocodiles
  3 big kobolds
  11 bullfrogs
  A water moccasin zombie (D:9)
  2 scorpions
  18 killer bees
  10 wights
  2 electric eels (Lair:3)
  3 howler monkeys
  3 crimson imps
  2 bullfrog zombies
  5 hounds
  9 orc priests
  2 bullfrog skeletons
  7 jellies
  20 orc wizards
  Jessica (D:2)
  A gnoll shaman (D:6)
  7 iguanas
  Natasha (thrice) (D:2)
  Terence (D:2)
  7 worker ants
  A hound zombie (D:8)
  A hound skeleton (D:5)
  2 worker ant zombies
  12 gnolls
  9 adders
  An adder zombie (D:4)
  2 adder skeletons
  3 worms
  A dart slug (D:5)
  2 leopard geckos
  57 orcs
  7 giant cockroaches
  11 hobgoblins
  3 jackals (D:7)
  5 quokkas
  3 ball pythons
  11 bats
  3 frilled lizards
  4 goblins
  2 jackal zombies (D:7)
  24 kobolds
  A quokka zombie (D:8)
  13 rats
432 creatures vanquished.

Vanquished Creatures (others)
  2 slaves (D:6)
  A wyvern skeleton (D:6)
  A fungus (Lair:1)
  A plant (Lair:1)
5 creatures vanquished.

Grand Total: 437 creatures vanquished

Notes
Turn   | Place    | Note
-------+----------+-------------------------------------------
     0 | D:1      | Nixze the Deep Elf Fire Elementalist began the quest for
                  | the Orb.
     0 | D:1      | Reached XP level 1. HP: 10/10 MP: 6/6
   214 | D:1      | Reached XP level 2. HP: 15/15 MP: 4/8
   968 | D:1      | Reached XP level 3. HP: 19/19 MP: 6/10
  1255 | D:2      | Noticed Jessica
  1259 | D:2      | Killed Jessica
  1259 | D:2      | Reached skill level 4 in Spellcasting
  1365 | D:2      | Learned a level 3 spell: Conjure Flame
  1407 | D:2      | Noticed Terence
  1416 | D:2      | Killed Terence
  1416 | D:2      | Reached XP level 4. HP: 10/24 MP: 6/12
  1593 | D:2      | Noticed Sigmund
  1925 | D:2      | Noticed Natasha
  1933 | D:2      | Killed Natasha
  2107 | D:2      | Noticed Natasha
  2115 | D:2      | Killed Natasha
  2115 | D:2      | Reached XP level 5. HP: 28/28 MP: 5/14
  2381 | D:2      | Noticed Natasha
  2387 | D:2      | Killed Natasha
  2387 | D:2      | Reached skill level 5 in Spellcasting
  2485 | D:2      | Learned a level 4 spell: Sticky Flame
  3170 | D:3      | Reached skill level 5 in Fire Magic
  3222 | D:3      | Reached XP level 6. HP: 32/32 MP: 13/16
  4750 | D:4      | Reached skill level 6 in Spellcasting
  4859 | D:4      | Got an ichor-stained leather armour
  4870 | D:4      | Identified the cursed +1 leather armour "Meses" {Int+2}
                  | (You found it on level 4 of the Dungeon)
  4896 | D:4      | Learned a level 5 spell: Fireball
  4903 | D:4      | Noticed Menkaure
  4906 | D:4      | Killed Menkaure
  4906 | D:4      | Reached XP level 7. HP: 36/36 MP: 14/18
  5135 | D:4      | Found a shimmering altar of Xom.
  5199 | D:4      | Found a stormy altar of Qazlal.
  5322 | D:5      | Entered Level 5 of the Dungeon
  5413 | D:5      | Reached skill level 5 in Conjurations
  5634 | D:5      | Reached skill level 7 in Spellcasting
  5683 | D:5      | Found a deep blue altar of Sif Muna.
  5738 | D:5      | Became a worshipper of Sif Muna the Loreminder
  6404 | D:5      | Reached XP level 8. HP: 41/41 MP: 12/21
  6560 | D:5      | Found a staircase to the Ecumenical Temple.
  6596 | Temple   | Entered the Ecumenical Temple
  7226 | D:6      | Noticed Prince Ribbit
  7244 | D:6      | Found a sacrificial altar of Ru.
  7345 | D:6      | Learned a level 1 spell: Shock
  7369 | D:6      | Killed Prince Ribbit
  7369 | D:6      | Reached * piety under Sif Muna
  7369 | D:6      | Reached skill level 8 in Spellcasting
  7559 | D:2      | Killed Sigmund
  8004 | D:6      | Noticed Pikel
  8028 | D:6      | Killed Pikel
  8028 | D:6      | Reached skill level 9 in Spellcasting
  8028 | D:6      | Reached XP level 9. HP: 17/45 MP: 0/24
  8233 | D:6      | Got an ancient mace
  8234 | D:6      | Identified the +5 mace of Past Mistakes {venom, *Contam rC+
                  | Str+3} (You found it on level 6 of the Dungeon)
  8310 | D:7      | Reached ** piety under Sif Muna
  8397 | D:7      | Learned a level 2 spell: Swiftness
  8544 | D:7      | Reached skill level 1 in Charms
  8730 | D:7      | Reached skill level 1 in Air Magic
  8740 | D:7      | Reached skill level 1 in Fighting
  9220 | D:7      | Reached skill level 10 in Spellcasting
  9920 | D:8      | Reached *** piety under Sif Muna
 11047 | D:9      | Learned a level 3 spell: Confuse
 11051 | D:9      | Learned a level 3 spell: Dazzling Spray
 11075 | D:9      | Found a staircase to the Lair.
 11099 | D:9      | Noticed a two-headed ogre
 11115 | D:9      | Killed a two-headed ogre
 11115 | D:9      | Reached skill level 1 in Hexes
 11115 | D:9      | Reached XP level 10. HP: 53/53 MP: 17/26
 11775 | D:9      | Got an uncursed pitted mace {freeze}
 11776 | D:9      | Identified the +8 mace of Destruction {freeze, rPois rC++
                  | Dex+3} (You took it off a centaur on level 9 of the
                  | Dungeon)
 11781 | D:9      | Gained mutation: You are dopey. (Int -2) [mutagenic glow]
 12585 | D:10     | Entered Level 10 of the Dungeon
 12890 | D:10     | Found Vaor's General Store.
 12929 | D:10     | Noticed an unseen horror
 12935 | D:10     | Killed an unseen horror
 12935 | D:10     | Reached **** piety under Sif Muna
 12935 | D:10     | Reached skill level 5 in Stealth
 13043 | D:10     | Reached skill level 5 in Dodging
 13308 | D:10     | Reached skill level 5 in Charms
 13514 | D:10     | Reached skill level 1 in Invocations
 13604 | D:10     | Found Baumuet's Armour Emporium.
 13609 | D:10     | Bought a +1 hat of intelligence for 192 gold pieces
 13614 | D:10     | Bought a +0 pair of boots for 54 gold pieces
 13614 | D:10     | Bought a +1 leather armour of fire resistance for 168 gold
                  | pieces
 13882 | D:11     | Found a glowing silver altar of Zin.
 14084 | D:11     | Reached XP level 11. HP: 59/59 MP: 16/27
 14438 | D:11     | Reached skill level 11 in Spellcasting
 14439 | D:11     | Noticed a cyan ugly thing
 15399 | D:11     | Noticed a two-headed ogre
 15447 | D:11     | Noticed a brown ugly thing
 15455 | D:11     | Killed a brown ugly thing
 15455 | D:11     | Reached ***** piety under Sif Muna
 15928 | D:11     | Killed a cyan ugly thing
 15928 | D:11     | Identified Sif Muna's Reference Book on Spatial Summoning
                  | (Sif Muna gifted it to you on level 11 of the Dungeon)
 15928 | D:11     | Received a gift from Sif Muna
 16041 | D:11     | Learned a level 3 spell: Teleport Other
 16421 | D:11     | Killed a two-headed ogre
 16421 | D:11     | Reached skill level 10 in Fire Magic
 16500 | D:12     | Reached skill level 1 in Translocations
 17062 | D:12     | Found a staircase to the Orcish Mines.
 17367 | D:12     | Noticed a two-headed ogre
 17385 | D:12     | Killed a two-headed ogre
 17563 | D:12     | Noticed a four-headed hydra
 17571 | D:12     | Killed a four-headed hydra
 18140 | D:12     | Reached XP level 12. HP: 67/67 MP: 13/29
 18674 | Lair:1   | Entered Level 1 of the Lair of Beasts
 18680 | Lair:1   | Learned a level 4 spell: Airstrike
 18817 | Lair:1   | Reached skill level 12 in Spellcasting
 18817 | Lair:1   | Reached skill level 10 in Conjurations
 19090 | Lair:1   | Noticed Grum
 19182 | Lair:1   | Killed Grum
 19679 | Lair:2   | Reached skill level 5 in Invocations
 19808 | Lair:2   | Noticed a seven-headed hydra
 19814 | Lair:2   | Killed a seven-headed hydra
 20046 | Lair:2   | Noticed Gastronok
 20064 | Lair:2   | Reached skill level 5 in Fighting
 20065 | Lair:2   | Killed Gastronok
 20067 | Lair:2   | Identified Caalocs's Tome of Attacks (Sif Muna gifted it to
                  | you on level 2 of the Lair of Beasts)
 20067 | Lair:2   | Received a gift from Sif Muna
 20255 | Lair:2   | Learned a level 6 spell: Freezing Cloud
 21100 | Lair:3   | Reached skill level 1 in Ice Magic
 21243 | Lair:3   | Noticed a five-headed hydra
 21256 | Lair:3   | Killed a five-headed hydra
 21649 | Lair:3   | Reached skill level 5 in Translocations
 21725 | Lair:3   | Noticed a catoblepas
 21746 | Lair:3   | Killed a catoblepas
 22061 | Lair:3   | Found a staircase to the Swamp.
 22161 | Lair:3   | Found a staircase to the Snake Pit.
 23018 | Lair:4   | Reached XP level 13. HP: 73/73 MP: 18/31
 23546 | Lair:4   | Reached skill level 1 in Shields
 24693 | Lair:5   | Noticed Nessos
 25031 | Lair:5   | Killed Nessos
 25283 | Lair:5   | Noticed Snorg
 25303 | Lair:5   | Slain by Snorg

Skill      XL: |  1  2  3  4  5  6  7  8  9 10 11 12 13 |
---------------+----------------------------------------+-----
Conjurations   | 2 3 4 5 7 8 9 10 | 10.8
Spellcasting   | 4 5 6 7 9 10 11 12 | 12.8
Fire Magic     | 4 5 6 8 9 10 | 10.8
Charms         | 3 5 |  5.0
Air Magic      | 2 3 4 |  4.9
Dodging        | 4 5 7 8 |  8.8
Stealth        | 4 5 6 |  6.0
Fighting       | 2 3 4 5 |  5.7
Hexes          | 1 3 4 |  4.0
Invocations    | 1 4 6 |  6.4
Translocations | 2 5 |  5.0
Ice Magic      | 2 3 |  3.8
Shields        | 1 |  1.4

Action                   |  1- 3 |  4- 6 |  7- 9 | 10-12 | 13-15 || total
-------------------------+-------+-------+-------+-------+-------++-------
Melee: Short sword       |     4 |     1 |     6 |       |       ||    11
       Dagger            |     1 |       |       |       |       ||     1
       Mace              |       |       |     3 |    22 |       ||    25
       Staff             |       |       |       |     2 |       ||     2
 Cast: Flame Tongue      |    69 |    96 |   217 |   359 |    54 ||   795
       Conjure Flame     |       |     3 |     9 |    16 |       ||    28
       Sticky Flame      |       |    11 |    57 |   167 |    18 ||   253
       Shock             |       |       |     8 |    84 |    36 ||   128
       Fireball          |       |       |       |    52 |     7 ||    59
       Confuse           |       |       |       |     3 |    11 ||    14
       Airstrike         |       |       |       |     1 |       ||     1
Invok: Divine Energy     |       |       |     1 |       |       ||     1
       Channel Magic     |       |       |       |     1 |       ||     1
Evoke: Wand              |       |       |     1 |       |       ||     1
  Use: Scroll            |       |     4 |       |    20 |     1 ||    25
       Potion            |       |       |     1 |     3 |     1 ||     5
  Eat: Ration            |     1 |     1 |     4 |     2 |     1 ||     9
       Chunk             |     2 |     9 |    12 |    35 |     3 ||    61
Armor: Robe              |     4 |     5 |       |       |       ||     9
       Leather armour    |       |       |    10 |    46 |     9 ||    65
Dodge: Dodged            |    16 |    15 |    38 |   159 |    24 ||   252
       Deflected         |       |       |       |     9 |     1 ||    10
Block: Other             |       |       |       |     5 |       ||     5
       Buckler           |       |       |       |     4 |    14 ||    18
